 Dungeon Crawl Stone Soup version 0.29.0-13-gc9e81de378 (webtiles) character file.

Game seed: 13597622738732215293

4925 tilp the Merchant of Misery (level 10, -11/77 HPs)
             Began as a Mummy Necromancer on Sept 8, 2022.
             Was a Believer of Kikubaaqudgha.
             Mangled by a death yak (17 damage)
             ... on level 9 of the Dungeon.
             The game lasted 00:21:00 (12879 turns).

tilp the Merchant of Misery (Mummy Necromancer)    Turns: 12879, Time: 00:21:00

Health: -11/77     AC:  9    Str: 11    XL:     10   Next: 27%
Magic:  6/28       EV: 13    Int: 24    God:    Kikubaaqudgha [**....]
Gold:   202        SH:  0    Dex: 14    Spells: 9/21 levels left

rFire   . . .      SeeInvis .   b - +2 dagger (speed)
rCold   + . .      Faith    .   (no shield)
rNeg    + + +      Spirit   .   t - +2 leather armour {rF+}
rPois   ∞          Reflect  .   (no helmet)
rElec   .          Harm     .   w - +1 cloak
rCorr   .          Rampage  .   o - +0 pair of gloves
Will    +....                   C - +0 pair of boots
Stlth   ++........              E - amulet of magic regeneration
HPRegen 0.22/turn               c - +6 ring of intelligence
MPRegen 0.61/turn               u - ring of magical power

@: no status effects
A: cold resistance 1, negative energy resistance 3, torment resistance 2, heat
vulnerability 1, in touch with death 1, no potions
a: Renounce Religion, Unearth Wretches


You were on level 9 of the Dungeon.
You worshipped Kikubaaqudgha.
Kikubaaqudgha was pleased with you.
You visited 2 branches of the dungeon, and saw 10 of its levels.

You collected 447 gold pieces.
You spent 245 gold pieces at shops.

Inventory:

Hand Weapons
 a - a +0 sling
 b - a +2 dagger of speed (weapon)
 d - a +3 quarterstaff of chaos
 r - a +2 mace of protection
 x - the +5 hammer of Gach {venom, Contam Fly Dex+2}
   (You found it on level 6 of the Dungeon)

   It poisons the flesh of those it strikes.
   Dex:       It affects your dexterity (+2).
   Fly:       It grants you flight.
   Contam:    It causes magical contamination when unequipped.
Missiles
 g - 63 stones
 k - a throwing net
 m - 19 poisoned darts
 B - 2 curare-tipped darts
Armour
 o - a +0 pair of gloves (worn)
 t - a +2 leather armour of fire resistance (worn)
 w - a +1 cloak (worn)
 y - a +0 robe of fire resistance
 z - a scarf of resistance
 C - a +0 pair of boots (worn)
Magical Staves
 D - a staff of earth
Jewellery
 c - a +6 ring of intelligence (left hand)
 u - a ring of magical power (right hand)
 E - an amulet of magic regeneration (around neck)
 H - a +6 ring of intelligence
 J - a +4 ring of protection
Wands
 n - a wand of iceblast (2)
 q - a wand of acid (6)
Scrolls
 f - 5 scrolls of teleportation
 h - 2 scrolls of immolation
 i - 3 scrolls of blinking
 j - a scroll of torment
 l - a scroll of poison
 p - 2 scrolls of silence
 s - 3 scrolls of fear
 v - 2 scrolls of enchant weapon
 A - 3 scrolls of magic mapping
 F - a scroll of vulnerability
 G - 2 scrolls of amnesia
 I - a scroll of brand weapon


   Skills:
 + Level 6.9 Fighting
 - Level 4.0 Dodging
 - Level 4.0 Stealth
 + Level 6.4 Spellcasting
 + Level 5.0 Hexes
 * Level 9.3 Necromancy
 + Level 3.3 Evocations


You had 9 spell levels left.
You knew the following spells:

 Your Spells              Type           Power      Damage    Failure   Level
a - Necrotise             Necr           100%       1d9       1%          1
b - Vampiric Draining     Necr           68%        2d10      1%          3
c - Animate Dead          Necr           68%        N/A       2%          4
d - Anguish               Hex/Necr       29%        N/A       5%          4

Your spell library contained the following spells:

 Spells                   Type           Power      Damage    Failure   Level
 Agony                    Necr           68%        N/A       6%          5
 Summon Small Mammal      Summ           28%        N/A       10%         1
 Summon Guardian Golem    Hex/Summ       19%        N/A       11%         3
 Call Canine Familiar     Summ           7%         N/A       30%         3
 Leda's Liquefaction      Hex/Erth       9%         N/A       34%         4
 Airstrike                Air            3%         2d(1-17)  69%         4
 Summon Lightning Spire   Summ/Air       7%         N/A       69%         4
 Lee's Rapid Deconstruct  Erth           3%         3d6*      95%         5
 Lightning Bolt           Conj/Air       3%         1d15      95%         5
 Statue Form              Tmut/Erth      Unusable   N/A       N/A         6

Dungeon Overview and Level Annotations

Branches:
Dungeon (9/15)             Temple (1/1) D:5
   Lair: D:8-11         Orc: D:9-12

Altars:
Ashenzari
Cheibriados
Dithmenos
Fedhas
Gozag
Hepliaklqana
Kikubaaqudgha
Nemelex Xobeh
Okawaru
Qazlal
Ru
Sif Muna
Trog
Uskayaw
Vehumet
Wu Jian
Xom
Yredelemnul

Shops:
D:1 *   D:5 (


Innate Abilities, Weirdness & Mutations

You are immune to poison.
Your flesh is cold resistant. (rC+)
You are immune to negative energy. (rN+++)
You are immune to unholy pain and torment.
You are vulnerable to heat. (rF-)
You are in touch with the powers of death.
You do not drink.


Message History

The death yak is almost dead.
The death yak gores your kobold brigand zombie.
The death yak gores you!
The death yak is wracked by anguish!
Your kobold zombie barely misses the death yak.
You hit the death yak but do no damage.
The death yak is almost dead.
Your kobold brigand zombie hits the death yak.
The death yak gores your kobold brigand zombie!!
Your kobold brigand zombie is destroyed!
The death yak gores you but does no damage.
Your kobold zombie barely misses the death yak.
Unknown command.
You hit the death yak but do no damage.
The death yak is almost dead.
Your kobold zombie hits the death yak.
Unknown command.
You barely miss the death yak.
The death yak is almost dead.
The death yak closely misses you. The death yak barely misses you.
Your kobold zombie hits the death yak but does no damage.
You hit the death yak but do no damage.
The death yak is almost dead.
Your kobold zombie hits the death yak but does no damage.
The death yak gores you. The death yak gores your kobold zombie.
The death yak gores you!
The death yak is wracked by anguish!
Unknown command.
You hit the death yak but do no damage.
The death yak is almost dead.
Your kobold zombie hits the death yak but does no damage.
Unknown command.
The death yak attacks as you move away! The death yak gores you!!
* * * LOW HITPOINT WARNING * * *
The death yak is wracked by anguish!!
The death yak gores your kobold zombie!
Your kobold zombie is destroyed!
Your kobold zombie hits the death yak but does no damage.
The death yak gores your kobold zombie!!
Your kobold zombie is destroyed!
The death yak gores you!
You die...
Kikubaaqudgha rasps: "You have failed me!
Welcome... oblivion!"

#.....#.. #. #.....#.# #.
#.....Y.###### #. #............#
#. #.....Y......# #.
...#....Y.......+ #.
...#..).YY......# #.
..#.).YYY..)...# #.
######.####.@..##'###########
#.........#....#.......#.....
#.........#....#.......#.....
#.........#....#.......#.....
#...).))ZZ#....#.......#.....
#....#....#....#.......#.....
######..Z..............#.....
#....#.................#.....
#####....'.................#.....


You could see 5 death yaks and 3 yaks.

Vanquished Creatures
  A two-headed ogre (D:9)
  Maggie (D:6)
  A vampire (D:9)
  3 wyverns (D:8)
  A water moccasin (D:8)
  Duvessa (D:6)
  A black bear (D:5)
  An ice beast (D:4)
  An ogre (D:4)
  2 kobold brigands
  3 bullfrogs
  5 scorpions
  2 wights (D:9)
  Dowan (D:6)
  A killer bee (D:8)
  5 howler monkeys
  An orc priest (D:7)
  A quasit (D:7)
  Crazy Yiuf (D:6)
  A hound (D:5)
  5 jellies
  A gnoll bouda (D:6)
  4 iguanas
  7 orc wizards
  Natasha (thrice) (D:3)
  8 gnolls (D:6)
  3 adders
  2 shadow imps
  6 white imps
  3 ufetubi
  2 worms
  2 dart slugs (D:1)
  27 orcs
  2 bats
  6 endoplasms
  2 giant cockroaches
  4 goblins (D:1)
  5 hobgoblins
  2 quokkas
  4 ball pythons
  4 frilled lizards
  12 kobolds
  8 rats
156 creatures vanquished.

Vanquished Creatures (collateral kills)
  An acid dragon (D:9)
  A bullfrog (D:8)
  A kobold brigand (D:9)
  A wight (D:9)
  A killer bee (D:8)
  A howler monkey (D:7)
  Jessica (D:3)
  An adder (D:5)
  A shadow imp (D:7)
  3 white imps (D:7)
  An ufetubus (D:7)
  3 orcs (D:7)
  A ball python (D:3)
  5 kobolds
22 creatures vanquished.

Vanquished Creatures (others)
  A centaur warrior (D:9)
  2 trolls
  A wyvern (D:9)
  A centaur (D:9)
  A bullfrog (D:8)
  2 kobold brigands
  A wyvern zombie (D:9)
  2 wights (D:9)
  7 killer bees (D:8)
  2 quasits (D:7)
  A centaur zombie (D:9)
  An orc priest (D:7)
  An iguana (D:7)
  An orc wizard (D:7)
  3 white imps
  7 orcs (D:7)
  A bat zombie (D:7)
  3 gnoll zombies (D:6)
  A bat (D:7)
  6 kobolds
  12 kobold zombies
  5 orc zombies (D:7)
  3 demonic plants (D:7)
  A fungus (D:6)
66 creatures vanquished.

Grand Total: 244 creatures vanquished

Notes
Turn   | Place    | Note
-------+----------+-------------------------------------------
     0 | D:1      | tilp the Mummy Necromancer began the quest for the Orb.
     0 | D:1      | Reached XP level 1. HP: 13/13 MP: 4/4
   217 | D:1      | Reached XP level 2. HP: 18/20 MP: 0/5
   285 | D:1      | Found Winicim's General Store.
   327 | D:1      | Bought a scroll of identify for 28 gold pieces
   630 | D:1      | Found a faded altar of an unknown god.
   632 | D:1      | Reached skill level 1 in Fighting
   989 | D:2      | Gained mutation: You are in touch with the powers of death.
                  | [Mummy growth]
   989 | D:2      | Reached XP level 3. HP: 15/26 MP: 4/7
  1156 | D:2      | Learned a level 3 spell: Vampiric Draining
  1257 | D:2      | Reached XP level 4. HP: 31/33 MP: 0/8
  2041 | D:3      | Noticed Jessica
  2170 | D:3      | Noticed Natasha
  2176 | D:3      | Killed Natasha
  2177 | D:3      | Reached skill level 5 in Necromancy
  2237 | D:3      | Noticed Natasha
  2243 | D:3      | Killed Natasha
  2244 | D:3      | Reached XP level 5. HP: 32/39 MP: 5/9
  2256 | D:3      | Killed Jessica
  2298 | D:3      | Found a radiant altar of Vehumet.
  2339 | D:3      | Noticed Natasha
  2356 | D:3      | Killed Natasha
  2379 | D:3      | Found a stormy altar of Qazlal.
  2387 | D:3      | Found a hide-covered altar of Uskayaw.
  2985 | D:3      | Learned a level 4 spell: Animate Dead
  3030 | D:1      | Bought a scroll of silence for 133 gold pieces
  3108 | D:4      | Reached XP level 6. HP: 35/48 MP: 6/10
  3342 | D:4      | Reached skill level 6 in Necromancy
  3960 | D:4      | Noticed an ice beast
  3972 | D:4      | Reached XP level 7. HP: 41/54 MP: 3/12
  3985 | D:4      | Reached skill level 1 in Evocations
  4193 | D:5      | Entered Level 5 of the Dungeon
  5289 | D:5      | Found Eromny's Antique Weapon Shoppe.
  5418 | D:5      | Found a staircase to the Ecumenical Temple.
  5629 | Temple   | Entered the Ecumenical Temple
  5811 | Temple   | Became a worshipper of Kikubaaqudgha
  6006 | D:1      | Bought 3 scrolls of identify for 84 gold pieces
  6100 | D:6      | Noticed Duvessa
  6100 | D:6      | Noticed Dowan
  6158 | D:6      | Reached XP level 8. HP: 61/61 MP: 11/14
  6194 | D:6      | Noticed Maggie
  6376 | D:6      | Reached skill level 7 in Necromancy
  6717 | D:6      | Found a bloodstained altar of Trog.
  7305 | D:6      | Killed Maggie
  7306 | D:6      | Reached skill level 5 in Fighting
  7306 | D:6      | Reached skill level 5 in Spellcasting
  7949 | D:6      | Found a runed translucent door.
  7950 | D:6      | Noticed Crazy Yiuf
  7957 | D:6      | Killed Crazy Yiuf
  7963 | D:6      | Identified the +5 hammer of Gach {venom, Contam Fly Dex+2}
  8140 | D:7      | Reached * piety under Kikubaaqudgha
  8140 | D:7      | Received a gift from Kikubaaqudgha
  8148 | D:7      | Reached skill level 8 in Necromancy
  8246 | D:6      | Learned a level 4 spell: Anguish
  8648 | D:7      | Reached skill level 1 in Hexes
  8696 | D:7      | Reached XP level 9. HP: 63/69 MP: 7/16
  8880 | D:7      | Found a hazy altar of Hepliaklqana.
  9693 | D:7      | Reached ** piety under Kikubaaqudgha
 10000 | D:6      | Killed Duvessa
 10008 | D:6      | Killed Dowan
 11345 | D:8      | Found a snail-covered altar of Cheibriados.
 11657 | D:9      | Noticed a death yak
 11661 | D:9      | Reached skill level 9 in Necromancy
 11661 | D:9      | Reached XP level 10. HP: 77/77 MP: 19/19
 12697 | D:9      | Reached skill level 5 in Hexes
 12853 | D:9      | Noticed a death yak
 12865 | D:9      | Noticed a death yak
 12867 | D:9      | Noticed a death yak
 12869 | D:9      | Noticed a death yak
 12879 | D:9      | Mangled by a death yak

Illustrated notes

Levels and vault maps discovered:
D:1:      lightli_arrival_flooded_house, layout_loops_ring, serial_shops, shop,
          hellmonk_ecumenical_altar_crossroads, minmay_unequal
D:2:      layout_loops_ring
D:3:      layout_rooms, fiery_altar_vehumet, grunt_temple_overflow_open,
          uniq_jessica, uniq_natasha
D:4:      layout_basic
D:5:      layout_loops_ring, elyvilon_altar_1, nicolae_overflow_hidden_temple,
          minmay_temple_entry_poolview, serial_shops, shop
D:6:      layout_basic, general_overflow_altar, uniq_crazy_yiuf_cottage,
          uniq_maggie, uniq_duvessa
D:7:      layout_gridville, mainiacjoe_overflow_six_doors_small, serial_demonic,
          serial_demonic_d, serial_demonic_f, serial_demonic_a,
          serial_demonic_d, minmay_misc_feat_ornament
D:8:      layout_loops_ring, mainiacjoe_overflow_surrounded_room
D:9:      layout_grid_maze, dpeg_lair_monsters
Temple:   compressed_dpeg_triangle_lava_temple

Skill      XL: |  1  2  3  4  5  6  7  8  9 10 |
---------------+-------------------------------+-----
Fighting       | 1 2 3 4 6 |  6.9
Spellcasting   | 3 4 5 6 |  6.4
Stealth        | 2 4 |  4.0
Dodging        | 2 3 4 |  4.0
Necromancy     | 5 6 8 9 |  9.3
Evocations     | 1 2 3 |  3.3
Hexes          | 2 4 5 |  5.0

Action                   |  1- 3 |  4- 6 |  7- 9 | 10-12 || total
-------------------------+-------+-------+-------+-------++-------
Melee: Unarmed           |     9 |       |       |       ||     9
       Punch             |     1 |     1 |     3 |     1 ||     6
       Dagger            |     1 |    18 |   292 |    68 ||   379
 Fire: Sling             |    45 |    75 |    87 |       ||   207
 Cast: Necrotise         |    31 |    58 |    69 |       ||   158
       Vampiric Draining |       |     2 |    48 |     8 ||    58
       Anguish           |       |       |    28 |    14 ||    42
       Animate Dead      |       |       |     6 |     2 ||     8
Invok: Unearth Wretches  |       |       |     2 |     1 ||     3
Evoke: Wand              |       |       |     7 |       ||     7
  Use: Scroll            |     2 |     3 |     6 |     3 ||    14
 Stab: Sleeping          |       |     1 |     4 |       ||     5
       Distracted        |       |       |     1 |       ||     1
       Paralysed         |       |       |       |     1 ||     1
Armor: Robe              |     4 |     5 |    14 |       ||    23
       Leather armour    |       |       |   173 |    25 ||   198
Dodge: Dodged            |    28 |    19 |   308 |    47 ||   402
